 Dungeon Crawl Stone Soup version 0.27-a0-1557-g57f10a385c (webtiles) character file.

Game seed: 6486654451344851722

2481 lunkers the Grappler (level 9, 0/75 HPs)
             Began as a Ghoul Warper on July 15, 2021.
             Was a Believer of Cheibriados.
             Slain by a wyvern zombie (6 damage)
             ... on level 7 of the Dungeon.
             The game lasted 00:16:35 (8597 turns).

lunkers the Grappler (Ghoul Warper)                 Turns: 8597, Time: 00:16:35

Health: 0/75       AC:  7    Str: 23    XL:     9   Next: 51%
Magic:  10/10      EV: 16    Int: 13    God:    Cheibriados [**....]
Gold:   390        SH: 10    Dex: 13    Spells: 11/11 levels left

rFire    . . .     SeeInvis .     - Unarmed
rCold    + . .     Faith    .   A - +0 buckler
rNeg     + + +     Spirit   .   v - +3 leather armour
rPois    ∞         Reflect  +   (no helmet)
rElec    .         Harm     .   r - +0 cloak
rCorr    .         Rampage  .   (no gloves)
Will     +....                  (no boots)
Stlth    +.........             o - amulet of reflection
HPRegen  0.00/turn              f - ring of willpower
MPRegen  0.12/turn              j - +4 ring of evasion

@: very slow
A: claws 1, cold resistance 1, negative energy resistance 3, inhibited
regeneration, torment resistance 2
a: Renounce Religion, Bend Time


You were on level 7 of the Dungeon.
You worshipped Cheibriados.
Cheibriados was pleased with you.
You visited 2 branches of the dungeon, and saw 8 of its levels.
You also visited: Sewer.

You collected 390 gold pieces.

Inventory:

Missiles
 c - 3 boomerangs of dispersal
 d - 43 poisoned darts (quivered)
 z - 8 boomerangs
 D - 7 curare-tipped darts
Armour
 m - a +0 ring mail
 r - a +0 cloak (worn)
 v - a +3 leather armour (worn)
 A - a +0 buckler (worn)
Jewellery
 a - an amulet of guardian spirit
 f - a ring of willpower (left claw)
 j - a +4 ring of evasion (right claw)
 n - a ring of wizardry
 o - an amulet of reflection (around neck)
 u - a ring of flight
 M - a +6 ring of strength
Wands
 E - a wand of mindburst (12)
 L - a wand of digging (6)
Scrolls
 g - 2 scrolls of enchant weapon {unknown}
 i - a scroll of holy word {unknown}
 l - 9 scrolls of identify {unknown}
 p - a scroll of magic mapping {unknown}
 q - a scroll of teleportation {unknown}
 w - 3 scrolls of amnesia {unknown}
 y - 2 scrolls of enchant armour {unknown}
 C - a scroll of fear {unknown}
 F - a scroll of fog {unknown}
 I - 2 scrolls of summoning {unknown}
 N - a scroll of torment {unknown}
Potions
 e - 3 potions of mutation {unknown}
 h - a potion of berserk rage {unknown}
 k - 3 potions of degeneration {unknown}
 s - 3 potions of curing {unknown}
 t - a potion of attraction {unknown}
 x - 2 potions of magic {unknown}
 B - a potion of flight {unknown}
 G - a potion of cancellation {unknown}
 H - a potion of haste {unknown}
 J - a potion of heal wounds {unknown}
 K - a potion of might {unknown}


   Skills:
 + Level 6.0 Fighting
 - Level 0.8 Throwing
 - Level 0.8 Armour
 - Level 1.7 Dodging
 - Level 4.0 Shields
 * Level 11.4 Unarmed Combat
 - Level 1.7 Spellcasting
 - Level 2.6 Translocations


You had 11 spell levels left.
You didn't know any spells.
Your spell library contained the following spells:

 Spells                   Type           Power      Damage    Failure   Level
 Blink                    Tloc           N/A        N/A       16%         2
 Shock                    Conj/Air       4%         1d3       30%         1
 Gell's Gravitas          Tloc           4%         N/A       30%         3
 Lesser Beckoning         Tloc           4%         N/A       30%         3
 Teleport Other           Tloc           8%         N/A       30%         3
 Inner Flame              Hex/Fire       1%         N/A       65%         3
 Swiftness                Air            1%         N/A       65%         3
 Manifold Assault         Tloc           8%         N/A       95%         5
 Airstrike                Air            0%         N/A       96%         4
 Cause Fear               Hex            0%         N/A       96%         4
 Discord                  Hex            0%         N/A       100%        8


Dungeon Overview and Level Annotations

Branches:
Dungeon (7/15)             Temple (1/1) D:4           Sewer (visited)

Altars:
Ashenzari
Cheibriados
Elyvilon
Gozag
Hepliaklqana
Kikubaaqudgha
Makhleb
Nemelex Xobeh
Okawaru
Qazlal
Ru
Sif Muna
Trog
Uskayaw
Vehumet
Wu Jian
Xom
Yredelemnul
Zin
The Shining One

Shops:
D:3 :


Innate Abilities, Weirdness & Mutations

You thrive by killing the living.
You are immune to poison.
You have sharp fingernails.
Your flesh is cold resistant. (rC+)
You are immune to negative energy. (rN+++)
You do not regenerate when monsters are visible.
You are immune to unholy pain and torment.


Message History

The iron imp disappears in a puff of smoke!
The sixfirhy disappears in a puff of smoke!
Your Fighting skill increases to level 6!
The kobold brigand throws a poisoned dart.
The poisoned dart closely misses you.
Items here: ( )) [.
The kobold brigand barely misses you.
A kobold brigand comes into view.
It is wielding a +0 short sword and quivering curare-tipped darts.
The kobold brigand hits you with a +0 club.
* * * LOW HITPOINT WARNING * * *
A kobold brigand comes into view.
It is wielding a +0 dagger and quivering poisoned darts.
You claw the wyvern zombie!
The wyvern zombie is moderately damaged.
The wyvern zombie bites you but does no damage.
The kobold brigand hits you with a +0 club.
* * * LOW HITPOINT WARNING * * *
You claw the kobold brigand!
The kobold brigand is moderately wounded.
The wyvern zombie bites you.
* * * LOW HITPOINT WARNING * * *
A kobold comes into view. It is wielding a +0 whip.
Unknown command.
Aiming: Mindburst
Press: ? - help, Shift-Dir - straight line, f - wyvern zombie
Aim: a wyvern zombie (moderately damaged, not susceptible)
Okay, then.
The kobold shouts!
You scratch the wyvern zombie.
The wyvern zombie is moderately damaged.
The kobold brigand hits you but does no damage.
The wyvern zombie bites you!
* * * LOW HITPOINT WARNING * * *
Okay, then.
Blink to where?
Press: ? - help, Dir - move target
As you read the scroll of blinking, it crumbles to dust.
The wyvern zombie bites you.
* * * LOW HITPOINT WARNING * * *
The wyvern zombie bites you.
You die...

##..# #.# #K.# #.# # #..#
#.# ## #.K# #.# ##. ####
#..###.## #.. ##..##
#.......#########..
##....###..............#...
#......#..Z###.#...........
##........#@#
#.########....
#...).....#.# #.# ##...
#..........#.# #.# ##..
##........##.# #.# ###
##.....####.###.# # ###.###
#..#..# ### ##...## #####


You could see a kobold brigand, a wyvern zombie and a kobold.

Vanquished Creatures
  2 kobold demonologists (D:7)
  2 ice beasts
  2 black bears (D:6)
  A necrophage (D:7)
  2 ogres (D:5)
  3 centaurs
  2 kobold brigands (D:7)
  Blork the orc (D:6)
  A scorpion (D:4)
  A wyvern skeleton (D:7)
  A water moccasin skeleton (D:5)
  2 jellies (D:5)
  A centaur zombie (D:6)
  3 hounds
  Crazy Yiuf (D:6)
  A gnoll shaman (D:7)
  An orc priest (D:2)
  A bullfrog skeleton (D:5)
  An iguana (D:5)
  Natasha (thrice) (D:3)
  3 orc wizards
  A hound skeleton (D:4)
  3 gnolls (D:7)
  9 adders
  4 ufetubi
  An adder skeleton (D:4)
  4 worms
  A dart slug (D:5)
  18 orcs
  5 endoplasms
  A giant cockroach (D:6)
  9 goblins
  6 hobgoblins
  18 jackals
  15 kobolds
  5 quokkas
  14 ball pythons
  3 bats
  6 frilled lizards
  8 rats
166 creatures vanquished.

Vanquished Creatures (others)
  2 kobolds (D:7)
  10 plants
12 creatures vanquished.

Grand Total: 178 creatures vanquished

Notes
Turn   | Place    | Note
-------+----------+-------------------------------------------
     0 | D:1      | lunkers the Ghoul Warper began the quest for the Orb.
     0 | D:1      | Reached XP level 1. HP: 17/17 MP: 2/2
   250 | D:1      | Reached skill level 3 in Unarmed Combat
   250 | D:1      | Reached XP level 2. HP: 21/24 MP: 3/3
   655 | D:1      | Reached XP level 3. HP: 29/29 MP: 4/4
   918 | D:2      | Reached skill level 4 in Unarmed Combat
  1035 | D:2      | Found a faded altar of an unknown god.
  2047 | D:2      | Reached XP level 4. HP: 36/36 MP: 5/5
  2553 | D:3      | Noticed Natasha
  2562 | D:3      | Killed Natasha
  2563 | D:3      | Reached skill level 5 in Unarmed Combat
  2835 | D:3      | Noticed Natasha
  3163 | D:2      | Reached XP level 5. HP: 13/41 MP: 6/6
  3728 | D:3      | Killed Natasha
  3729 | D:3      | Reached skill level 6 in Unarmed Combat
  3821 | D:3      | Noticed Natasha
  3831 | D:3      | Killed Natasha
  4155 | D:3      | Found Araoxetz's Book Emporium.
  4402 | D:4      | Reached skill level 7 in Unarmed Combat
  4402 | D:4      | Reached XP level 6. HP: 48/48 MP: 7/7
  4488 | D:4      | Found an opulent altar of Gozag.
  4922 | D:4      | Found a staircase to the Ecumenical Temple.
  4928 | Temple   | Entered the Ecumenical Temple
  5146 | D:5      | Entered Level 5 of the Dungeon
  5309 | D:5      | Reached skill level 8 in Unarmed Combat
  5309 | D:5      | Reached XP level 7. HP: 32/55 MP: 8/8
  5723 | D:5      | Reached skill level 1 in Shields
  6225 | D:5      | Reached skill level 9 in Unarmed Combat
  6354 | D:5      | Found a snail-covered altar of Cheibriados.
  6354 | D:5      | Found a sparkling altar of Nemelex Xobeh.
  6359 | D:5      | Became a worshipper of Cheibriados the Contemplative
  6402 | D:5      | Reached XP level 8. HP: 41/63 MP: 9/9
  7021 | D:6      | Reached * piety under Cheibriados
  7044 | D:6      | Found a glowing drain.
  7048 | Sewer    | Entered a sewer
  7396 | Sewer    | Reached ** piety under Cheibriados
  7730 | D:6      | Noticed Blork the orc
  7738 | D:6      | Killed Blork the orc
  7739 | D:6      | Reached skill level 10 in Unarmed Combat
  7892 | D:6      | Found a runed translucent door.
  7893 | D:6      | Noticed Crazy Yiuf
  7998 | D:6      | Killed Crazy Yiuf
  8135 | D:7      | Reached XP level 9. HP: 70/73 MP: 10/10
  8149 | D:7      | Reached skill level 5 in Fighting
  8565 | D:7      | Noticed a kobold demonologist
  8568 | D:7      | Noticed a kobold demonologist
  8569 | D:7      | Noticed a soul eater
  8577 | D:7      | Noticed a sixfirhy
  8577 | D:7      | Killed a kobold demonologist
  8578 | D:7      | Reached skill level 11 in Unarmed Combat
  8585 | D:7      | Killed a kobold demonologist
  8597 | D:7      | Slain by a wyvern zombie

Illustrated notes

Levels and vault maps discovered:
D:1:      matt_arrival_refuge, layout_loops_ring, minmay_stone_trees_small,
          st_stairs_11
D:2:      mumra_celtic_spiral_tile, layout_basic,
          chequers_ecumenical_altar_grove, minmay_statues_item, minmay_unequal
D:3:      cheibrodos_pilgrimage, layout_loops_ring,
          mainiacjoe_overflow_small_starburst, serial_shops, shop,
          minmay_crystal_room, uniq_natasha
D:4:      layout_rooms, nicolae_gozag_seed_capital,
          minmay_temple_entry_enclosed_plants
D:5:      layout_loops_cross, gammafunk_temple_overflow_statue,
          serial_co_window_serial, co_window_paths_b, co_window_paths_a,
          co_window_of_opportunity_a, co_window_cross_1, co_window_paths_a,
          co_window_broadway_c, co_window_broadway_c, co_window_2corner,
          co_window_cross_3, co_window_paths_d, co_window_4corner_b,
          glass_columns_c, glass_columns_c
D:6:      layout_cave_pools, gup_sewer_entry_spiral, uniq_crazy_yiuf_cottage,
          uniq_blork_the_orc
D:7:      layout_cave_pods, serial_bayou_pond_d, st_stairs_12, minivault_4
Temple:   eino_temple_rhombus

Skill      XL: |  1  2  3  4  5  6  7  8  9 |
---------------+----------------------------+-----
Unarmed Combat | 3 4 5 7 8 9 10 11 | 11.4
Shields        | 1 3 4 |  4.0
Fighting       | 3 4 6 |  6.0
Throwing       | |  0.8
Armour         | |  0.8
Dodging        | |  1.7
Spellcasting   | |  1.7
Translocations | |  2.6

Action                   |  1- 3 |  4- 6 |  7- 9 || total
-------------------------+-------+-------+-------++-------
Melee: Unarmed           |   108 |   199 |   276 ||   583
       Punch             |     2 |     3 |       ||     5
Throw: Dart              |    86 |    24 |    39 ||   149
       Boomerang         |       |     2 |       ||     2
Evoke: Wand              |       |       |     3 ||     3
  Use: Scroll            |       |       |     1 ||     1
Armor: Leather armour    |    17 |    34 |    66 ||   117
       Ring mail         |     5 |    17 |       ||    22
Dodge: Dodged            |    49 |   126 |   152 ||   327
Block: Buckler           |       |    14 |   108 ||   122
       Reflection        |       |       |     8 ||     8

Table legend: (Time is in decaauts)
 A = Elapsed time spent in this place.
 B = Non-inter-level travel time spent in this place.
 C = Inter-level travel time spent in this place.
 D = Time resting spent in this place.
 E = Time spent auto-exploring this place.
 F = Levels seen in this place.
 G = Mean time per level.
                   A        B        C        D        E       F      G
               +--------+--------+--------+--------+--------+-----+--------+
         Total |   9417 |   9192 |    225 |    629 |   6995 |   9 | 1046.3 |
       Dungeon |   8241 |   8021 |    220 |    629 |   6065 |   7 | 1177.3 |
        Temple |    198 |    193 |      5 |      0 |    164 |   1 |  198.0 |
         Sewer |    977 |    977 |      0 |      0 |    765 |   1 |  977.0 |
               +--------+--------+--------+--------+--------+-----+--------+

Top non-repeatable levels by time:
     D:2: 2112 daAuts
     D:5: 1680 daAuts
     D:3: 1249 daAuts
   Sewer: 977 daAuts
     D:6: 946 daAuts
     D:1: 903 daAuts
     D:7: 695 daAuts
     D:4: 654 daAuts
  Temple: 198 daAuts
